AoeStats
← RIO1000

Arena

506541706Analyzed
3v3 RM · 20d ago on Sep 14, 2026· 47m 17s· 6 players
Game mode
Random Map
Map size
Normal (6 player)
Population
200
Speed
Normal
Resources
Standard
Victory
Conquest
Starting age
Dark Age
Ending age
Imperial Age
RankedLock teamsTeams togetherTeam positionsShared explorationLock speedFull tech treeHidden civsTurbo modeCheats
Victory
Defeat
🇨🇳 Hindustanis · China
1139
+13
🇺🇸 Turks · United States
1106
+14
🇲🇽 Cumans · Mexico
1023
+16
🇺🇸 Poles · United States
1092
-16
🇺🇸 Persians · United States
1080
-15
🇺🇸 Romans · United States
1004
-12
RIO1000
10:06 Feudal Age
14:50 Castle Age
13:23 Double-Bit Axe
13:36 Horse Collar
14:22 Stone Mining
15:08 Loom
17:49 Bow Saw
20:24 Heavy Plow
23:06 Gold Mining
23:54 Forging
25:29 Scale Barding Armor
25:38 Bloodlines
26:16 Wheelbarrow
27:36 Gold Shaft Mining
27:52 Hand Cart
32:49 Imperial Age
32:59 Elite Steppe Lancer
36:33 Town Watch
37:24 Chain Barding Armor
37:39 Iron Casting
37:25 Steppe Husbandry
37:46 Conscription
38:31 Town Patrol
39:09 Plate Barding Armor
41:36 Two-Man Saw
48:05 Blast Furnace
Hermann_Meyer
11:20 Feudal Age
15:27 Castle Age
13:26 Horse Collar
13:47 Double-Bit Axe
14:47 Gold Mining
14:59 Stone Mining
19:52 Loom
21:11 Bow Saw
22:13 Heavy Plow
22:05 Town Watch
24:52 Stone Shaft Mining
25:40 Wheelbarrow
25:25 Fletching
26:24 Gold Shaft Mining
26:44 Hand Cart
27:36 Squires
27:40 Grand Trunk Road
28:26 Scale Barding Armor
28:32 Forging
28:23 Scale Mail Armor
31:49 Imperial Age
29:22 Town Patrol
29:50 Fortified Wall
29:51 Masonry
30:02 Ballistics
29:51 Husbandry
30:01 Bloodlines
29:58 Padded Archer Armor
31:24 Chain Mail Armor
31:05 Bodkin Arrow
31:31 Chain Barding Armor
31:48 Iron Casting
32:19 Leather Archer Armor
32:16 Arson
32:55 Conscription
33:41 Chemistry
33:32 Fervor
34:04 Hoardings
33:00 Light Cavalry
33:57 Elite Ghulam
35:59 Plate Barding Armor
35:48 Bracer
36:49 Blast Furnace
35:58 Thumb Ring
36:27 Siege Engineers
36:10 Heavy Camel Rider
38:49 Ring Archer Armor
40:37 Siege Elephant
41:37 Imperial Camel Rider
42:34 Hussar
48:06 Two-Man Saw
fantASIA77
11:52 Feudal Age
15:42 Castle Age
14:01 Double-Bit Axe
14:43 Horse Collar
15:13 Gold Mining
20:57 Imperial Age
18:57 Bow Saw
21:29 Gold Mining
23:20 Loom
24:19 Wheelbarrow
38:20 Bombard Tower
39:04 Artillery
39:09 Padded Archer Armor
43:28 Murder Holes
43:25 Fletching
46:46 Bodkin Arrow
jabbler
10:03 Feudal Age
18:25 Castle Age
17:03 Gold Mining
17:09 Double-Bit Axe
17:15 Horse Collar
17:58 Stone Mining
19:19 Loom
20:04 Town Watch
23:18 Wheelbarrow
23:06 Bow Saw
23:53 Heavy Plow
26:03 Ballistics
31:49 Imperial Age
30:26 Ballistas
32:29 Gold Shaft Mining
33:36 Chemistry
32:43 Siege Engineers
34:23 Heavy Scorpion
36:22 Conscription
39:57 Fortified Wall
39:40 Fletching
40:01 Forging
39:52 Scale Mail Armor
40:57 Masonry
42:11 Squires
41:34 Pikeman
42:23 Halberdier
43:27 Chain Mail Armor
43:08 Bodkin Arrow
43:49 Iron Casting
Jweli
9:53 Feudal Age
10:13 Double-Bit Axe
18:31 Castle Age
16:31 Horse Collar
16:50 Gold Mining
17:51 Stone Mining
19:11 Heavy Plow
23:01 Wheelbarrow
25:20 Husbandry
26:44 Gold Shaft Mining
26:59 Hand Cart
27:19 Fervor
27:23 Bow Saw
31:42 Imperial Age
35:27 Scale Barding Armor
36:01 Forging
37:04 Crop Rotation
36:10 Heavy Camel Rider
37:32 Chain Barding Armor
38:59 Iron Casting
39:13 Plate Barding Armor
39:03 Conscription
39:09 Cavalier
40:28 Bloodlines
40:58 Scale Mail Armor
42:42 Blast Furnace
43:02 Light Cavalry
cK5pl
10:19 Feudal Age
10:56 Double-Bit Axe
16:35 Castle Age
16:09 Horse Collar
18:05 Bow Saw
19:10 Wheelbarrow
18:55 Gold Mining
22:13 Szlachta Privileges
23:32 Bloodlines
24:23 Scale Barding Armor
24:28 Forging
24:44 Heavy Plow
25:04 Forging
29:36 Imperial Age
27:37 Husbandry
27:31 Loom
28:41 Hand Cart
30:50 Fletching
31:08 Light Cavalry
41:57 Elite Skirmisher
43:06 Thumb Ring
44:37 Winged Hussar
Connection lost

Rejoining the realm…

Still unreachable

The connection could not be restored.

Session expired

The server has moved on; the page needs a fresh start.